 Dungeon Crawl Stone Soup version 0.18-a0-990-g74cdb39 (webtiles) character file.

1544 M4edhros the Covert (level 8, -6/48 HPs)
             Began as an Octopode Artificer on Jan 3, 2016.
             Killed from afar by Joseph (12 damage)
             ... with a wand of lightning
             ... on level 7 of the Dungeon on Jan 4, 2016.
             The game lasted 00:09:56 (5130 turns).

M4edhros the Covert (Octopode Artificer)            Turns: 5130, Time: 00:09:57

Health: -6/48      AC:  6    Str: 11    XL:     8   Next: 87%
Magic:  13/13      EV: 16    Int: 16    God:
Gold:   188        SH:  0    Dex: 17    Spells: 0 memorised, 7 levels left

rFire  . . .     SeeInvis .     g - +4 flail (protect)
rCold  . . .     Gourm    .     (no shield)
rNeg   . . .     Faith    .     (helmet restricted)
rPois  .         Spirit   .     x - amulet of regeneration
rElec  .         Dismiss  .     r - +5 ring of dexterity
rCorr  .         Reflect  .     (no ring)
SustAt .         Harm     .     (no ring)
MR     .....                    (no ring)
Stlth  ++++++....               (no ring)
                                (no ring)
                                (no ring)
                                (no ring)

@: not resistant to hostile enchantments, very stealthy
A: almost no armour, amphibious, 8 rings, constrict 8, camouflage 1, gelatinous
body 1
a: no special abilities


You were on level 7 of the Dungeon.
You were near starving.

You visited 1 branch of the dungeon, and saw 7 of its levels.

You collected 188 gold pieces.

Inventory:

Hand Weapons
 g - a +4 flail of protection (weapon)
 m - a +0 rapier
 n - a +1 dagger of flaming
Missiles
 l - 88 stones (quivered)
 s - 31 sling bullets of flame
 t - 4 curare-tipped needles
 u - 30 poisoned needles
 v - 8 sling bullets
Jewellery
 k - an uncursed amulet of resist corrosion
 r - a +5 ring of dexterity (left tentacle)
 x - an amulet of regeneration (around mantle)
Wands
 b - a wand of flame (0/48)
 c - a wand of enslavement (13/24)
 B - a wand of draining (11/15)
 E - a wand of magic darts (19/48)
Scrolls
 d - 2 scrolls of noise {unknown}
 e - 2 scrolls of enchant armour
 i - 2 scrolls of fear {unknown}
 j - 4 scrolls of remove curse
 p - a scroll of enchant weapon
 q - a scroll of teleportation
 y - a scroll of amnesia {unknown}
 A - a scroll of immolation {unknown}
 C - a scroll of magic mapping
Potions
 o - a potion of cancellation
 z - a potion of brilliance
 D - a potion of flight
 F - a potion of curing
Comestibles
 a - a slice of pizza
 f - 4 bread rations
 h - 4 meat rations
 w - a royal jelly


   Skills:
 - Level 1.0 Fighting
 - Level 1.0 Short Blades
 * Level 6.6 Dodging
 * Level 8.8 Stealth
 * Level 7.5 Evocations


You had 7 spell levels left.
You didn't know any spells.

Dungeon Overview and Level Annotations

Branches:
Dungeon (7/15)
 Temple: D:4-7

Altars:
Trog

Annotations:
D:5 Gruud's ghost, novice DsGl
D:6 Gruud's ghost, novice DsGl
D:7 Joseph


Innate Abilities, Weirdness & Mutations

You cannot wear most types of armour.
You are amphibious.
You can wear up to eight rings at the same time.
You can use your tentacles to constrict eight enemies at once.
Your skin changes colour to match your surroundings (Stealth).
Your rubbery body absorbs attacks (AC +1).


Message History

Joseph is moderately wounded.
You constrict Joseph. Joseph barely misses you.
You hit Joseph.
Joseph is moderately wounded.
You constrict Joseph. Joseph hits you with a quarterstaff.
You sock Joseph!
Joseph is severely wounded.
You constrict Joseph. Joseph hits you with a quarterstaff!
Joseph hits you but does no damage.
You sock Joseph!
Joseph is severely wounded.
You constrict Joseph.
Joseph zaps a wand.
The bolt of lightning misses you. The bolt of lightning misses you.
It is a wand of lightning.
You hit Joseph.
Joseph is almost dead.
You constrict Joseph.
Joseph zaps a wand.
The bolt of lightning hits you!
Ouch! That really hurt!
* * * LOW HITPOINT WARNING * * *
The bolt of lightning hits you!
You die...

#..$.........#
#.#####..###..#
#.# #..# .# #.#
#..###..# #.#
#........ #.#
#........
###.#####.####..#
#.........# .#
#.#.#####@# #
#.#.....@.......#
# ####.##.#####.#
# #.# #)# #.. #..
#..


You could see Joseph.

Vanquished Creatures
  Eustachio (D:4)
  Menkaure (D:7)
  Edmund (D:4)
  Duvessa (D:4)
  A sky beast (D:6)
  A black bear (D:5)
  3 ice beasts
  Blork the orc (D:4)
  Dowan (D:4)
  4 scorpions
  A hound (D:5)
  An orc wizard (D:3)
  2 iguanas
  Terence (D:3)
  2 gnolls (D:3)
  5 adders
  A shadow imp (D:6)
  A worm (D:3)
  4 giant geckos
  6 orcs
  3 bats
  2 giant cockroaches (D:3)
  6 goblins
  3 hobgoblins
  8 jackals
  2 quokkas
  3 giant newts
  5 kobolds
  A quokka zombie (D:6)
  3 rats
75 creatures vanquished.

Vanquished Creatures (collateral kills)
  A gnoll (D:3)
1 creature vanquished.

Vanquished Creatures (others)
  An ooze (D:3)
  2 fungi (D:4)
3 creatures vanquished.

Grand Total: 79 creatures vanquished

Notes
Turn   | Place    | Note
--------------------------------------------------------------
     0 | D:1      | M4edhros the Octopode Artificer began the quest for the Orb.
     0 | D:1      | Reached XP level 1. HP: 13/13 MP: 3/3
     2 | D:1      | Noticed a minotaur
     4 | D:1      | Noticed a dwarf
    10 | D:1      | Noticed a vine stalker
    10 | D:1      | Noticed an ogre
    18 | D:1      | Noticed a formicid
   168 | D:1      | Reached XP level 2. HP: 18/18 MP: 4/4
   599 | D:2      | Reached XP level 3. HP: 17/23 MP: 5/5
  1206 | D:3      | Reached skill level 4 in Evocations
  1206 | D:3      | Reached XP level 4. HP: 24/28 MP: 5/7
  1497 | D:3      | Reached XP level 5. HP: 31/33 MP: 8/8
  1499 | D:3      | Noticed Terence
  1517 | D:3      | Killed Terence
  1932 | D:4      | Noticed Duvessa
  1957 | D:4      | Noticed Eustachio
  2031 | D:4      | Killed Eustachio
  2031 | D:4      | Reached skill level 5 in Stealth
  2031 | D:4      | Reached skill level 5 in Evocations
  2031 | D:4      | Reached XP level 6. HP: 38/38 MP: 9/9
  2074 | D:4      | Noticed Blork the orc
  2148 | D:4      | Killed Blork the orc
  2384 | D:4      | Noticed Edmund
  2450 | D:4      | Killed Edmund
  2450 | D:4      | Reached skill level 6 in Stealth
  2450 | D:4      | Reached XP level 7. HP: 7/43 MP: 9/11
  2635 | D:4      | Found a bloodstained altar of Trog.
  2860 | D:4      | Noticed Dowan
  2867 | D:4      | Killed Duvessa
  2867 | D:4      | Reached skill level 5 in Dodging
  3138 | D:4      | Killed Dowan
  3416 | D:5      | Entered Level 5 of the Dungeon
  3504 | D:5      | Reached skill level 7 in Stealth
  3641 | D:5      | Noticed Gruud's ghost (novice DsGl)
  3674 | D:6      | Noticed a gargoyle
  3805 | D:3      | Reached XP level 8. HP: 34/48 MP: 12/12
  4326 | D:6      | Noticed Gruud's ghost (novice DsGl)
  4638 | D:6      | Reached skill level 8 in Stealth
  5014 | D:7      | Noticed Menkaure
  5033 | D:7      | Killed Menkaure
  5076 | D:7      | Noticed Joseph
  5130 | D:7      | Killed from afar by Joseph

Vault maps used:
D:1:      shiori_arrival_whats_in_store_for_you, minivault_25
D:2:      fedhas_altar_2
D:3:      first_bread, grunt_ministairs_9, serial_bayou_pond_a, uniq_terence
D:4:      old_forge, bloody_trog, uniq_blork_the_orc, uniq_edmund, uniq_duvessa,
          uniq_eustachio
D:6:      minmay_temple_entry_enclosed_plants
D:7:      basic_altar, uniq_joseph, uniq_crazy_yiuf_cottage, uniq_menkaure

Action                   |  1- 3 |  4- 6 |  7- 9 || total
-------------------------+-------+-------+-------++-------
Melee: Short sword       |    69 |     6 |       ||    75
       Dagger            |       |    31 |       ||    31
       Rapier            |       |    16 |       ||    16
       Flail             |       |       |   118 ||   118
Evoke: Wand              |     3 |    28 |     6 ||    37
  Use: Potion            |       |     3 |     3 ||     6
       Scroll            |       |     6 |     2 ||     8
 Stab: Sleeping          |     5 |       |     6 ||    11
       Confused          |       |     1 |       ||     1
       Distracted        |       |       |     2 ||     2
  Eat: Chunk             |       |     3 |     4 ||     7
       Meat ration       |       |       |     1 ||     1
